Map: Altitude LE

Players

TessTickle - Winner!

  • Race: Protoss Protoss
  • League: Gold
  • Spawn Location: 1:00

MattBarry

  • Race: Zerg Zerg
  • League: Gold
  • Spawn Location: 7:00

VOD

Have the link to the VOD?

Description

Time

  • Played on: Feb. 10, 2023, 7:05 p.m.
  • Length: 12:25
Show
View Real Time Build Order
Export as new Build Order

TessTickle Protoss - Winner!

Build Orders: 1 Gate Expand, Zealot Archon 

Get SALT Encoding   

  12  0:00  Probe  
  13  0:12  Probe  
  14  0:19  Pylon  
  14  0:24  Probe  
  15  0:37  Probe (Chrono Boost)  
  15  0:39  Gateway  
  16  0:49  Assimilator, Probe (Chrono Boost)  
  17  0:54  Probe (Chrono Boost)  
  18  1:03  Probe  
  19  1:16  Probe  
  20  1:28  Nexus  
  20  1:39  Cybernetics Core  
  20  1:42  Probe  
  21  1:49  Assimilator  
  21  1:54  Probe  
  21  1:58  Pylon  
  22  2:06  Probe  
  23  2:17  Adept (Chrono Boost)  
  23  2:18  Probe  
  26  2:28  Twilight Council  
  26  2:29  Warp Gate  
  26  2:30  Probe (Chrono Boost)  
  27  2:40  Adept  
  27  2:41  Probe (Chrono Boost)  
  31  2:46  Probe (Chrono Boost)  
  31  2:54  Probe  
  32  2:59  Probe  
  32  3:00  Gateway  
  32  3:05  Resonating Glaives (Chrono Boost)  
  33  3:06  Probe  
  33  3:11  Probe (Chrono Boost)  
  34  3:19  Adept  
  36  3:23  Probe (Chrono Boost)  
  36  3:26  Probe (Chrono Boost)  
  38  3:33  Gateway  
  38  3:37  Gateway  
  38  3:40  Probe x2  
  40  3:45  Pylon  
  40  3:52  Probe  
  40  3:54  Probe  
  42  4:00  Pylon  
  42  4:04  Probe  
  42  4:06  Probe  
  44  4:16  Assimilator, Probe  
  45  4:18  Assimilator, Probe  
  45  4:19  Adept x2  
  50  4:28  Robotics Facility, Probe  
  50  4:30  Adept, Probe  
  54  4:33  Adept  
  56  4:43  Adept  
  56  4:44  Adept  
  60  4:55  Probe  
  60  4:57  Forge  
  61  5:12  Pylon  
  61  5:16  Pylon  
  61  5:17  Observer  
  61  5:18  Pylon  
  61  5:19  Pylon  
  60  5:48  Probe  
  60  5:49  Probe  
  58  5:59  Immortal (Chrono Boost), Stalker x4  
  58  6:00  Probe, Protoss Ground Weapons Level 1, Nexus  
  69  6:05  Charge  
  69  6:10  Probe  
  64  6:13  Templar Archives  
  64  6:15  Gateway  
  64  6:17  Probe  
  65  6:22  Probe  
  66  6:29  Probe  
  66  6:31  Stalker x3  
  71  6:33  Sentry  
  71  6:34  Probe  
  74  6:41  Probe  
  74  6:44  Robotics Bay  
  74  6:45  Shield Battery  
  74  6:47  Probe  
  76  6:50  Pylon  
  76  6:53  Probe  
  77  7:00  Immortal  
  81  7:04  High Templar x2  
  81  7:06  High Templar  
  87  7:13  High Templar  
  89  7:17  Archon  
  89  7:18  Archon  
  89  7:22  Stalker  
  82  7:30  Stalker  
  82  7:33  Probe  
  81  7:38  Pylon  
  81  7:42  Zealot  
  79  7:47  Probe x2  
  79  7:58  Pylon, Stalker  
  79  7:59  Probe x2  
  79  8:00  Zealot  
  79  8:04  Psionic Storm  
  85  8:11  Probe  
  85  8:12  High Templar x2  
  90  8:17  Protoss Ground Weapons Level 2 (Chrono Boost)  
  90  8:19  Probe  
  91  8:23  Probe  
  91  8:25  Gateway  
  96  8:27  Immortal  
  96  8:29  Gateway  
  96  8:33  Gateway, Zealot  
  96  8:34  Gateway, Zealot x2  
  102  8:36  Gateway  
  102  8:37  Gateway  
  102  8:42  Assimilator  
  102  8:45  Assimilator  
  102  8:49  Stalker  
  102  8:52  Photon Cannon, Shield Battery  
  102  8:53  Shield Battery  
  102  8:54  Gateway  
  104  8:56  Gateway, High Templar  
  104  8:58  Zealot x2  
  104  8:59  Zealot  
  104  9:01  Probe  
  113  9:09  Pylon x2  
  113  9:14  Pylon, Probe  
  114  9:20  High Templar  
  116  9:24  Warp Prism (Chrono Boost)  
  118  9:31  High Templar  
  118  9:33  Zealot x2, High Templar  
  118  9:34  Zealot x3  
  118  9:36  Archon  
  132  9:44  Pylon  
  132  9:55  High Templar x2  
  132  9:59  Archon  
  136  10:00  Zealot x2  
  136  10:01  Nexus  
  136  10:02  Pylon  
  136  10:06  Pylon  
  140  10:27  Zealot x3  
  140  10:28  Zealot x7  
  152  10:29  Zealot  
  152  10:31  High Templar  
  150  11:22  High Templar  
  150  11:23  High Templar x6  
  150  11:24  High Templar x2  
  162  11:25  Zealot x2  
  162  11:26  Zealot x2  
  162  11:27  Archon x2  
  162  11:28  Archon x2  
  170  12:02  Stargate  
  170  12:03  Stargate  
  170  12:05  Stargate  
  138  12:18  Zealot x3  
  138  12:19  Zealot x5  
  138  12:20  Zealot x5  
Show
View Real Time Build Order
Export as new Build Order

MattBarry Zerg 

Build Orders: Hatch First, Roach Hydra 

Get SALT Encoding   

  12  0:00  Drone  
  13  0:12  Overlord  
  13  0:17  Drone  
  14  0:30  Drone x2  
  16  0:50  Hatchery  
  16  0:52  Drone  
  16  0:56  Drone  
  17  0:59  Drone  
  18  1:07  Extractor  
  17  1:24  Spawning Pool  
  17  1:25  Drone x2  
  18  1:38  Drone  
  18  1:39  Drone  
  20  2:03  Hatchery  
  19  2:10  Queen  
  19  2:14  Queen  
  23  2:17  Zergling x2  
  23  2:20  Zergling x2  
  25  2:24  Zergling x2  
  26  2:30  Metabolic Boost  
  26  2:33  Drone  
  27  2:37  Drone  
  28  2:59  Overlord x3  
  27  3:18  Roach Warren  
  25  3:20  Lair  
  25  3:27  Drone x3  
  25  3:28  Drone  
  25  3:33  Drone  
  25  3:34  Drone  
  31  3:42  Drone  
  31  3:43  Drone x2  
  31  3:47  Drone  
  31  3:48  Drone  
  36  3:50  Drone  
  36  3:53  Drone  
  36  3:54  Drone  
  39  3:56  Drone  
  39  3:59  Drone  
  39  4:00  Drone  
  39  4:02  Drone  
  43  4:08  Drone x3  
  46  4:15  Drone x4  
  49  4:26  Evolution Chamber x2  
  49  4:30  Glial Reconstitution  
  47  4:33  Queen  
  49  4:44  Extractor  
  49  4:45  Extractor  
  47  4:47  Overlord  
  47  4:48  Drone  
  47  4:49  Roach x5  
  58  4:53  Extractor  
  57  5:14  Zerg Missile Weapons Level 1  
  57  5:18  Roach  
  57  5:19  Roach  
  54  5:37  Roach x6  
  60  5:51  Roach  
  60  5:56  Queen x3  
  63  6:03  Drone x5  
  64  6:32  Queen  
  65  6:34  Overlord x2  
  65  6:40  Drone  
  66  6:52  Queen x2  
  70  6:54  Drone  
  70  6:55  Drone x8  
  79  7:07  Drone x3  
  79  7:08  Overlord x2  
  80  7:42  Drone x4  
  80  7:43  Zergling x2, Drone x3  
  80  7:44  Zergling x6  
  73  7:45  Zerg Missile Weapons Level 2, Hydralisk Den  
  68  8:02  Extractor  
  68  8:03  Extractor  
  66  8:17  Hydralisk x7  
  80  8:29  Drone x5  
  85  8:45  Grooved Spines  
  85  8:55  Overlord x2  
  85  9:16  Hatchery  
  84  9:28  Hydralisk x6  
  84  9:29  Hydralisk x4  
  104  9:34  Infestation Pit  
  104  9:37  Drone x3  
  106  9:38  Overlord  
  106  9:39  Lurker Den, Overlord x2  
  105  9:56  Muscular Augments  
  105  10:07  Zerg Ground Armor Level 1  
  105  10:09  Zerg Melee Weapons Level 1, Zergling x20, Lurker Den  
  114  10:17  Hive  
  114  10:27  Overlord x3  
  114  10:32  Hydralisk x2  
  114  10:34  Zergling x2  
  119  10:36  Drone  
  120  10:57  Roach x4  
  120  10:58  Roach x4  
  121  11:27  Overlord x5  
  121  11:38  Queen  
  113  11:47  Swarm Host  
  113  11:49  Roach x6  
Tags
 
Add a new tag
Caveats
  • Supply blocks, unpowered buildings, or Contaminate may cause inaccurate times.
  • Supply counts are checked every 10 seconds.